 Dungeon Crawl Stone Soup version 0.30-a0-219-gf2db51d15e (webtiles) character file.

Game seed: 6338076951143386994

75 KennySheep the Changer (level 4, 0/32 HPs)
             Began as a Barachi Transmuter on Oct 8, 2022.
             Was a High Priest of Ignis.
             Slain by a gnoll
             ... wielding a +0 club
              (3 damage)
             ... on level 2 of the Dungeon.
             The game lasted 00:05:48 (1744 turns).

KennySheep the Changer (Barachi Transmuter)         Turns: 1744, Time: 00:05:48

Health: 0/32       AC:  2    Str: 11    XL:     4   Next: 31%
Magic:  4/7        EV: 12    Int: 16    God:    Ignis [*****.]
Gold:   84         SH:  0    Dex: 12    Spells: 4/7 levels left

rFire   + + .      SeeInvis .      - Unarmed
rCold   . . .      Faith    .    (no shield)
rNeg    . . .      Spirit   .    f - +0 robe {rF+}
rPois   .          Reflect  .    (helmet currently unavailable)
rElec   .          Harm     .    (no cloak)
rCorr   .          Rampage  .    (no gloves)
Will    .....                    (boots currently unavailable)
Stlth   +.........               (no amulet)
HPRegen 0.25/turn                (no ring)
MPRegen 0.10/turn                (no ring)

@: appendages (expiring), wereblooded, slow
A: horns 2, talons 2, amphibious, slowness 1, strong legs 1, +LOS
a: Hop, End Transformation, Renounce Religion, Fiery Armour, Foxfire Swarm,
Rising Flame


You were on level 2 of the Dungeon.
You worshipped Ignis.
Ignis was extremely pleased with you.
You had temporarily grown beastly horns and talons.
You visited 1 branch of the dungeon, and saw 2 of its levels.

You collected 84 gold pieces.

Inventory:

Hand Weapons
 d - a +0 dagger
Armour
 a - a +0 robe
 f - a +0 robe of fire resistance (worn)
 h - a +0 pair of boots (melded)
Scrolls
 c - a scroll of identify {unknown}
 g - a scroll of teleportation {unknown}
 k - a scroll of amnesia {unknown}
Potions
 b - 4 potions of lignification
 e - 2 potions of might {unknown}
 i - 3 potions of curing {unknown}
 j - a potion of mutation {unknown}


   Skills:
 - Level 1.2 Fighting
 - Level 2.1 Dodging
 - Level 3.2 Unarmed Combat
 - Level 2.1 Spellcasting
 + Level 3.7 Transmutations
 + Level 3.1 Ice Magic


You had 4 spell levels left.
You knew the following spells:

 Your Spells              Type           Power      Damage    Failure   Level
a - Beastly Appendage     Tmut           26%        N/A       4%          1
b - Wereblood             Tmut           13%        N/A       7%          2

Your spell library contained the following spells:

 Spells                   Type           Power      Damage    Failure   Level
 Spider Form              Tmut/Pois      7%         N/A       28%         3
 Ice Form                 Ice/Tmut       12%        N/A       43%         4


Dungeon Overview and Level Annotations

Branches:
Dungeon (2/15)

Altars:
Ignis

Shops:
D:1 (


Innate Abilities, Weirdness & Mutations

You have temporarily grown beastly horns and talons.
You are amphibious.
You cover ground slowly.
You can hop short distances.
You have an extended range of vision and can be seen from far away.


Message History

You hit the gnoll.
You feel a bit better.
You kill the gnoll!
The gnoll hits you from afar with a +0 halberd!
The gnoll barely misses you.
Things that are here:
a +0 whip; a throwing net The gnoll hits you from afar with a +0 spear.
The gnoll barely misses you.
You see here 6 stones.
You hit the gnoll. You claw the gnoll!
The gnoll is severely wounded.
The gnoll hits you from afar with a +0 spear.
The gnoll misses you.
You hit the gnoll.
You feel a bit better.
You kill the gnoll!
The gnoll hits you from afar with a +0 spear.
* * * LOW HITPOINT WARNING * * *
Your Ice Magic skill increases to level 3!
You have reached level 4!
You feel clever.
You howl as the wereblood boils in your veins!
The gnoll hits you with a +0 spear.
* * * LOW HITPOINT WARNING * * *
You see here a +0 halberd.
You hit the gnoll.
The gnoll is heavily wounded.
The gnoll misses you.
You closely miss the gnoll. You claw the gnoll.
You headbutt the gnoll, but do no damage.
The gnoll is heavily wounded.
The gnoll hits you with a +0 spear.
* * * LOW HITPOINT WARNING * * *
You hit the gnoll.
You feel a bit better.
You kill the gnoll!
Okay, then.
You hit the gnoll. Your headbutt misses the gnoll.
The gnoll is moderately wounded.
Your transformation is almost over.
The gnoll hits you with a +0 club.
You die...

#............)#
######.#.###.)#
.....#.#.#.#..#
.....#.#...#..####
.....#....<......#
.............###.#
#####........# #)#
#........# #(#
##....###.# #@#
#....)# #.# #g#
#...#.# #.# #.#
#...#.# #.# #.#
####...#.# #.# #.#
.......#.# #.# #.#
###.####.# #.#
###.# #.# ..#
....# #.# ###


You could see a gnoll.

Vanquished Creatures
  3 gnolls (D:2)
  2 adders (D:2)
  2 dart slugs (D:1)
  A ball python (D:2)
  3 endoplasms
  A giant cockroach (D:1)
  4 goblins
  A hobgoblin (D:2)
  A kobold (D:2)
  3 quokkas
  3 bats (D:1)
24 creatures vanquished.

Notes
Turn   | Place    | Note
-------+----------+-------------------------------------------
     0 | D:1      | KennySheep the Barachi Transmuter began the quest for the
                  | Orb.
     0 | D:1      | Reached XP level 1. HP: 15/15 MP: 3/3
    32 | D:1      | Reached skill level 1 in Ice Magic
    58 | D:1      | Reached XP level 2. HP: 9/21 MP: 5/5
   328 | D:1      | Found Vyumn's Weapon Boutique.
  1087 | D:2      | Learned a level 2 spell: Wereblood
  1161 | D:2      | Reached XP level 3. HP: 23/26 MP: 6/6
  1242 | D:2      | Found a faded altar of an unknown god.
  1267 | D:2      | Prayed at the altar of an unknown god.
  1267 | D:2      | Became a worshipper of Ignis, the Dying Flame
  1740 | D:2      | Reached XP level 4. HP: 9/32 MP: 3/7
  1744 | D:2      | Slain by a gnoll

Illustrated notes

Levels and vault maps discovered:
D:1:      eino_arrival_water_star, layout_basic, serial_shops,
          nicolae_shop_behind_doors
D:2:      layout_basic, hellmonk_ecumenical_altar_crossroads, kennysheep_donut

Skill      XL: |  1  2  3 |
---------------+----------+-----
Ice Magic      | 1 2 3 |  3.1
Transmutations | 3 |  3.7
Fighting       | |  1.2
Dodging        | |  2.1
Unarmed Combat | |  3.2
Spellcasting   | |  2.1

Action                   |  1- 3 |  4- 6 || total
-------------------------+-------+-------++-------
Melee: Unarmed           |   104 |     4 ||   108
       Punch             |     2 |       ||     2
       Kick              |     4 |     1 ||     5
       Headbutt          |     4 |     1 ||     5
 Cast: Beastly Appendage |     5 |       ||     5
       Wereblood         |     1 |       ||     1
 Stab: Sleeping          |     5 |       ||     5
Armor: Robe              |    21 |       ||    21
Dodge: Dodged            |    71 |     1 ||    72

Table legend: (Time is in decaauts)
 A = Elapsed time spent in this place.
 B = Non-inter-level travel time spent in this place.
 C = Inter-level travel time spent in this place.
 D = Time resting spent in this place.
 E = Time spent auto-exploring this place.
 F = Levels seen in this place.
 G = Mean time per level.
                   A        B        C        D        E       F      G
               +--------+--------+--------+--------+--------+-----+--------+
         Total |   2002 |   1990 |     12 |     72 |   1562 |   2 | 1001.0 |
       Dungeon |   2002 |   1990 |     12 |     72 |   1562 |   2 | 1001.0 |
               +--------+--------+--------+--------+--------+-----+--------+

Top non-repeatable levels by time:
     D:1: 1121 daAuts
     D:2: 880 daAuts
